 Dungeon Crawl Stone Soup version 0.32-a0-131-g9dbbe29261 (webtiles) character file.

Game seed: 7541889822156120374

2613 osuadh the Nimble (level 9, 0/68 HPs)
             Began as a Gnoll Wanderer on Feb 9, 2024.
             Was an Initiate of Gozag.
             Slain by an orc warrior
             ... wielding a +0 trident
              (10 damage)
             ... on level 8 of the Dungeon.
             The game lasted 00:17:31 (8109 turns).

osuadh the Nimble (Gnoll Wanderer)                  Turns: 8109, Time: 00:17:32

Health: 0/68       AC:  7    Str: 17    XL:     9   Next: 60%
Magic:  15/15      EV: 16    Int: 18    God:    Gozag
Gold:   523        SH:  5    Dex: 14    Spells: 15/17 levels left

rFire   + + .        a - +2 sling
rCold   . . .        (no shield)
rNeg    . . .        p - +1 leather armour of the Tsukumogami {rF+ Int+4}
rPois   .            (no helmet)
rElec   .            B - +0 cloak
rCorr   .            y - +0 pair of gloves
SInv    .            (no boots)
Will    .....        v - amulet of reflection
Stlth   ++           j - +6 ring of strength
HPRegen 0.31/turn    F - ring of protection from fire
MPRegen 0.14/turn

%: reflection
@: no status effects
A: fangs 1, strong nose, distributed training
a: Renounce Religion, Potion Petition, Call Merchant, Bribe Branch


You were on level 8 of the Dungeon.
You worshipped Gozag.
Gozag was pleased with you.
You visited 2 branches of the dungeon, and saw 9 of its levels.
You also visited: Sewer.

You collected 843 gold pieces.
You spent 279 gold pieces at shops.
You paid 41 gold pieces to Gozag.

Inventory:

Hand Weapons
 a - a +2 sling (weapon)
 b - a +0 spear
Missiles
 c - 13 poisoned darts
Armour
 p - the +1 leather armour of the Tsukumogami (worn) {rF+ Int+4}
   (You found it on level 2 of the Dungeon)

   Int+4:     It affects your intelligence (+4).
   rF+:       It protects you from fire.
 y - a +0 pair of gloves (worn)
 B - a +0 cloak (worn)
Magical Staves
 D - a staff of conjuration
Jewellery
 f - a ring of resist corrosion
 j - a +6 ring of strength (left hand)
 n - a +6 ring of strength
 v - an amulet of reflection (around neck)
 x - a +6 ring of strength
 F - a ring of protection from fire (right hand)
Wands
 A - a wand of flame (20)
Scrolls
 d - 3 scrolls of teleportation
 g - 2 scrolls of poison
 k - a scroll of identify
 m - a scroll of revelation
 o - 3 scrolls of fear
 q - a scroll of torment
 r - 2 scrolls of vulnerability
 s - 2 scrolls of fog
 u - a scroll of noise
 w - 2 scrolls of blinking
 C - a scroll of enchant armour
 G - a scroll of enchant weapon {unknown}
Potions
 e - 3 potions of cancellation
 h - a potion of ambrosia
 i - 5 potions of enlightenment
 l - 2 potions of curing
 t - 2 potions of mutation
 z - a potion of attraction
 E - 4 potions of heal wounds


   Skills:
 + Level 5.3 Fighting
 + Level 4.5 Short Blades
 + Level 4.5 Long Blades
 + Level 4.5 Axes
 + Level 4.5 Maces & Flails
 + Level 5.3 Polearms
 + Level 4.5 Staves
 + Level 8.1 Ranged Weapons
 + Level 4.5 Throwing
 + Level 5.3 Armour
 + Level 9.7 Dodging
 + Level 4.5 Stealth
 + Level 4.5 Shields
 + Level 4.5 Unarmed Combat
 + Level 4.5 Spellcasting
 + Level 3.8 Conjurations
 + Level 3.8 Hexes
 + Level 3.8 Summonings
 + Level 3.8 Necromancy
 + Level 3.8 Translocations
 + Level 3.8 Fire Magic
 + Level 3.8 Ice Magic
 + Level 3.8 Air Magic
 + Level 3.8 Earth Magic
 + Level 3.8 Alchemy
 + Level 5.0 Invocations
 + Level 4.5 Evocations
 + Level 4.1 Shapeshifting


You had 15 spell levels left.
You knew the following spells:

 Your Spells              Type           Power      Damage    Failure   Level
a - Blink                 Tloc           34%        N/A       5%          2

Your spell library contained the following spells:

 Spells                   Type           Power      Damage    Failure   Level
 Magic Dart               Conj           68%        1d6       3%          1
 Slow                     Hex            68%        N/A       3%          1
 Call Imp                 Summ           34%        N/A       5%          2
 Confusing Touch          Hex            17%        N/A       11%         3
 Sigil of Binding         Hex            17%        N/A       11%         3
 Vampiric Draining        Necr           17%        2d7       11%         3


Dungeon Overview and Level Annotations

Branches:
Dungeon (8/15)             Temple (1/1) D:4           Sewer (visited)
   Lair: D:8-11

Altars:
Ashenzari
Cheibriados
Dithmenos
Elyvilon
Fedhas
Gozag
Hepliaklqana
Kikubaaqudgha
Makhleb
Nemelex Xobeh
Okawaru
Qazlal
Ru
Sif Muna
Trog
Vehumet
Wu Jian
Xom
Yredelemnul
Zin
The Shining One

Shops:
D:1 !   D:2 :   D:5 *   D:6 ?

Annotations:
D:6 Jeremiah


Innate Abilities, Weirdness & Mutations

You have very sharp teeth.
Your uncanny sense of smell can sniff out nearby items.
Your experience applies equally to all skills.


Message History

The orc warrior hits you but does no damage.
Fire: a) +2 sling
Press: ? - help, Q - select action, (/) - cycle Shift-Dir - straight line, f/p - orc warrior
Aim: an orc warrior, wielding a +0 trident and wearing a +0 chain mail (moderately wounded, 62% to hit)
You shoot a sling bullet. The sling bullet hits the orc warrior.
The orc warrior is heavily wounded.
The orc warrior hits you from afar with a +0 trident!
Fire: a) +2 sling
Press: ? - help, Q - select action, (/) - cycle Shift-Dir - straight line, f/p - orc warrior
Aim: an orc warrior, wielding a +0 trident and wearing a +0 chain mail (heavily wounded, 62% to hit)
You shoot a sling bullet.
The sling bullet barely misses the orc warrior.
The orc warrior closely misses you.
Fire: a) +2 sling
Press: ? - help, Q - select action, (/) - cycle Shift-Dir - straight line, f/p - orc warrior
Aim: an orc warrior, wielding a +0 trident and wearing a +0 chain mail (heavily wounded, 62% to hit)
You shoot a sling bullet. The sling bullet hits the orc warrior!
The orc warrior is severely wounded.
The orc warrior hits you from afar with a +0 trident!
* * * LOW HITPOINT WARNING * * *
Fire: a) +2 sling
Press: ? - help, Q - select action, (/) - cycle Shift-Dir - straight line, f/p - orc warrior
Aim: an orc warrior, wielding a +0 trident and wearing a +0 chain mail (severely wounded, 62% to hit)
You shoot a sling bullet.
The sling bullet hits the orc warrior but does no damage.
The orc warrior is severely wounded.
The orc warrior closely misses you.
Fire: a) +2 sling
Press: ? - help, Q - select action, (/) - cycle Shift-Dir - straight line, f/p - orc warrior
Aim: an orc warrior, wielding a +0 trident and wearing a +0 chain mail (severely wounded, 62% to hit)
You shoot a sling bullet.
The sling bullet barely misses the orc warrior.
You block the orc warrior's attack.
Aiming: Throw Flame
Press: ? - help, Shift-Dir - straight line, f/p - orc warrior
Aim: an orc warrior, wielding a +0 trident and wearing a +0 chain mail (severely wounded, 71% to hit)
The puff of flame misses the orc warrior.
The orc warrior hits you from afar with a +0 trident!
You die...
Your body crumbles into a pile of gold.

#........#...............≈.....
#........####.#'##......≈.≈....
#.............#.##....≈≈.!.≈≈##
#...........###.##.....≈...≈...
#....<......#....#......≈.≈....
#...........#.####.###≈.≈.≈.≈..
#........##+#....#.#.#≈.....≈..
#.....................≈.....≈..
#...........<.@#.$##..#..≈..#..
##............##.......#≈.≈.≈#..
#.........######$o#....# .≈.≈#..
#...########...........# .. #..
#...# #.....$.....# #.. #...#
.............#######.. #...#
.......$.............. #...#
...................... #####
..............#.######


You could see an orc warrior.

Vanquished Creatures
  Grinder (D:3)
  A hornet zombie (D:7)
  A black bear (D:6)
  A sky beast (D:5)
  An orc warrior (D:7)
  An ogre (D:5)
  A kobold brigand (Sewer)
  A scorpion (D:6)
  4 bullfrogs
  A wight (D:7)
  2 wyvern skeletons (D:7)
  2 burial acolytes (D:7)
  A bombardier beetle (D:5)
  A human zombie (D:7)
  A bullfrog zombie (D:7)
  A jelly (D:7)
  9 hounds
  A bullfrog skeleton (D:7)
  A gnoll bouda (D:6)
  3 orc priests
  A centaur skeleton (D:7)
  4 sleepcaps
  Natasha (thrice) (D:2)
  An iguana (D:4)
  9 orc wizards
  2 howler monkey zombies (D:7)
  4 gnolls
  7 adders
  A shadow imp (D:6)
  A white imp (D:5)
  A dart slug (D:2)
  2 ribbon worms
  39 orcs
  5 bats
  6 endoplasms
  3 giant cockroaches
  7 goblins
  3 hobgoblins
  9 kobolds
  4 quokkas
  8 ball pythons
  A frilled lizard (D:1)
  7 rats
163 creatures vanquished.

Vanquished Creatures (others)
  A kobold brigand (Sewer)
1 creature vanquished.

Grand Total: 164 creatures vanquished

Notes
Turn   | Place    | Note
-------+----------+-------------------------------------------
     0 | D:1      | osuadh the Gnoll Wanderer began the quest for the Orb.
     0 | D:1      | osuadh set off with the following items: a +2 sling, a +0
                  | spear, a +0 pair of gloves, a scroll of teleportation, a +0
                  | leather armour.
     0 | D:1      | Reached XP level 1. HP: 17/17 MP: 1/1
   298 | D:1      | Reached XP level 2. HP: 23/23 MP: 2/2
   322 | D:1      | Found Lifocul's Distillery.
   379 | D:1      | Reached XP level 3. HP: 25/28 MP: 3/3
   621 | D:1      | Found a faded altar of an unknown god.
   906 | D:2      | Reached skill level 1 in Invocations
   909 | D:2      | Learned a level 2 spell: Blink
  1006 | D:2      | Found a shadowy altar of Dithmenos.
  1139 | D:2      | Identified the +1 leather armour of the Tsukumogami {rF+
                  | Int+4}
  1296 | D:2      | Found Cooptik's Book Boutique.
  1306 | D:2      | Noticed Natasha
  1319 | D:2      | Killed Natasha
  1320 | D:2      | Reached skill level 1 in Short Blades
  1320 | D:2      | Reached skill level 1 in Long Blades
  1320 | D:2      | Reached skill level 1 in Axes
  1320 | D:2      | Reached skill level 1 in Maces & Flails
  1320 | D:2      | Reached skill level 1 in Staves
  1320 | D:2      | Reached skill level 1 in Throwing
  1320 | D:2      | Reached skill level 1 in Stealth
  1320 | D:2      | Reached skill level 1 in Shields
  1320 | D:2      | Reached skill level 1 in Unarmed Combat
  1320 | D:2      | Reached skill level 1 in Spellcasting
  1320 | D:2      | Reached skill level 1 in Evocations
  1320 | D:2      | Reached skill level 1 in Shapeshifting
  1320 | D:2      | Reached XP level 4. HP: 28/34 MP: 5/5
  1781 | D:2      | Noticed Natasha
  1815 | D:2      | Killed Natasha
  1816 | D:2      | Reached skill level 1 in Conjurations
  1816 | D:2      | Reached skill level 1 in Hexes
  1816 | D:2      | Reached skill level 1 in Summonings
  1816 | D:2      | Reached skill level 1 in Necromancy
  1816 | D:2      | Reached skill level 1 in Translocations
  1816 | D:2      | Reached skill level 1 in Fire Magic
  1816 | D:2      | Reached skill level 1 in Ice Magic
  1816 | D:2      | Reached skill level 1 in Air Magic
  1816 | D:2      | Reached skill level 1 in Earth Magic
  1816 | D:2      | Reached skill level 1 in Alchemy
  1866 | D:3      | Reached XP level 5. HP: 40/40 MP: 5/7
  2157 | D:3      | Found a shadowy altar of Dithmenos.
  2661 | D:3      | Noticed Grinder
  2673 | D:3      | Paralysed by Grinder for 4 turns
  2681 | D:3      | Paralysed by Grinder for 4 turns
  2688 | D:3      | Killed Grinder
  2689 | D:3      | Reached XP level 6. HP: 34/47 MP: 7/9
  2933 | D:2      | Noticed Natasha
  2943 | D:2      | Killed Natasha
  3216 | D:4      | Reached XP level 7. HP: 26/52 MP: 10/10
  3713 | D:4      | Found a staircase to the Ecumenical Temple.
  3720 | Temple   | Entered the Ecumenical Temple
  3742 | Temple   | Became a worshipper of Gozag Ym Sagoz the Greedy
  3821 | D:5      | Entered Level 5 of the Dungeon
  4032 | D:5      | Reached skill level 9 in Dodging
  4420 | D:5      | Found Limnel's Neck Hole.
  4427 | D:5      | Bought a +0 cloak for 58 gold pieces
  4650 | D:5      | Reached XP level 8. HP: 58/60 MP: 12/12
  4700 | D:6      | Noticed Jeremiah
  4732 | D:6      | Found a glowing drain.
  4832 | Sewer    | Entered a sewer
  5223 | Sewer    | Found a white marble altar of Elyvilon.
  5482 | D:6      | Found Feoqaatu's Magic Scroll Shop.
  5487 | D:6      | Bought a scroll of fear for 52 gold pieces
  5487 | D:6      | Bought a scroll of teleportation for 39 gold pieces
  5487 | D:6      | Bought a scroll of teleportation for 39 gold pieces
  5487 | D:6      | Bought a scroll of teleportation for 39 gold pieces
  5489 | D:6      | Bought a scroll of identify for 26 gold pieces
  5489 | D:6      | Bought a scroll of identify for 26 gold pieces
  6206 | D:7      | Found a stormy altar of Qazlal.
  6208 | D:7      | Noticed a water elemental
  6209 | D:7      | Noticed an air elemental
  6361 | D:7      | Reached XP level 9. HP: 63/66 MP: 14/14
  6702 | D:7      | Found an ancient bone altar of Kikubaaqudgha.
  6849 | D:7      | Reached skill level 5 in Fighting
  6849 | D:7      | Reached skill level 5 in Polearms
  6849 | D:7      | Reached skill level 5 in Armour
  7749 | D:7      | Reached skill level 5 in Invocations
  8109 | D:8      | Slain by an orc warrior

Illustrated notes

Levels and vault maps discovered:
D:1:      saegor_arrival_fortress, layout_basic, serial_shops,
          nicolae_shop_industrial_runoff,
          hellmonk_ecumenical_altar_heavens_door,
          corexii_item_surrounded_by_moat
D:2:      layout_loops_corners, basic_altar, serial_shops,
          nicolae_shop_rolling_square, grunt_decor_cap, roderic_lattice_a,
          uniq_natasha
D:3:      layout_basic, grunt_dithmenos_smoke, hex_medium,
          minmay_close_crescents, uniq_grinder
D:4:      layout_rooms, minmay_temple_entry_fiery
D:5:      layout_cave_pools, nicolae_shop_sticking_my_neck_out
D:6:      layout_rooms, cheibrodos_sewer_entry_sluice, serial_shops,
          nicolae_shop_tiny_real_fake_doors, uniq_jeremiah
D:7:      layout_basic, lemuel_mausoleum_altar_kikubaaqudgha,
          nicolae_qazlal_style_of_elements
D:8:      layout_basic, nicolae_uskayaw_suspiria, erik_lair_island,
          ebering_dispersal_statue_hall
Temple:   regret_index_temple_chain_breaker

Skill      XL: |  1  2  3  4  5  6  7  8  9 |
---------------+----------------------------+-----
Invocations    | 1 2 3 4 5 |  5.0
Short Blades   | 1 2 3 4 |  4.5
Long Blades    | 1 2 3 4 |  4.5
Axes           | 1 2 3 4 |  4.5
Maces & Flails | 1 2 3 4 |  4.5
Staves         | 1 2 3 4 |  4.5
Throwing       | 1 2 3 4 |  4.5
Stealth        | 1 2 3 4 |  4.5
Shields        | 1 2 3 4 |  4.5
Unarmed Combat | 1 2 3 4 |  4.5
Spellcasting   | 1 2 3 4 |  4.5
Evocations     | 1 2 3 4 |  4.5
Shapeshifting  | 1 2 3 4 |  4.1
Conjurations   | 1 2 3 |  3.8
Hexes          | 1 2 3 |  3.8
Summonings     | 1 2 3 |  3.8
Necromancy     | 1 2 3 |  3.8
Translocations | 1 2 3 |  3.8
Fire Magic     | 1 2 3 |  3.8
Ice Magic      | 1 2 3 |  3.8
Air Magic      | 1 2 3 |  3.8
Earth Magic    | 1 2 3 |  3.8
Alchemy        | 1 2 3 |  3.8
Fighting       | 3 4 5 |  5.3
Polearms       | 3 4 5 |  5.3
Armour         | 3 4 5 |  5.3
Ranged Weapons | 7 8 |  8.1
Dodging        | 9 |  9.7

Action                     |  1- 3 |  4- 6 |  7- 9 || total
---------------------------+-------+-------+-------++-------
   Fire: Sling             |   102 |   155 |   707 ||   964
   Cast: Blink             |       |       |     2 ||     2
  Evoke: Wand              |       |       |    24 ||    24
    Use: Scroll            |     3 |     2 |    14 ||    19
         Potion            |       |     2 |       ||     2
 Armour: Leather armour    |     6 |    28 |   245 ||   279
         Scale mail        |    15 |       |       ||    15
  Dodge: Dodged            |    30 |    59 |   326 ||   415
  Block: Other             |       |       |   118 ||   118
         Reflection        |       |       |     3 ||     3

Table legend: (Time is in decaauts)
 A = Elapsed time spent in this place.
 B = Non-inter-level travel time spent in this place.
 C = Inter-level travel time spent in this place.
 D = Time resting spent in this place.
 E = Time spent auto-exploring this place.
 F = Levels seen in this place.
 G = Mean time per level.
                   A        B        C        D        E       F      G
               +--------+--------+--------+--------+--------+-----+--------+
         Total |   8257 |   7540 |    717 |   1194 |   4315 |  10 |  825.7 |
       Dungeon |   7706 |   7018 |    688 |   1015 |   4155 |   8 |  963.2 |
        Temple |     42 |     13 |     29 |      0 |      0 |   1 |   42.0 |
         Sewer |    508 |    508 |      0 |    179 |    160 |   1 |  508.0 |
               +--------+--------+--------+--------+--------+-----+--------+

Top non-repeatable levels by time:
     D:7: 1890 daAuts
     D:2: 1243 daAuts
     D:3: 921 daAuts
     D:1: 891 daAuts
     D:5: 880 daAuts
     D:4: 834 daAuts
     D:6: 802 daAuts
   Sewer: 508 daAuts
     D:8: 241 daAuts
  Temple: 42 daAuts
